 Dungeon Crawl Stone Soup version 0.13-a0-2688-gfd9909a (webtiles) character file.

760 JacquesDerrida the Quickloader (level 7, 0/39 HPs)
             Began as a Tengu Hunter on Aug 14, 2013.
             Was an Initiate of Kikubaaqudgha.
             Killed from afar by a hobgoblin (29 damage)
             ... with a wand of draining
             ... on Level 5 of the Dungeon.
             The game lasted 00:12:11 (4524 turns).

JacquesDerrida the Quickloader (Tengu Hunter)       Turns: 4524, Time: 00:12:11

HP   0/39        AC  4     Str 13      XL: 7   Next: 21%
MP   8/8         EV 11     Int 18      God: Kikubaaqudgha [......]
Gold 242         SH  0     Dex 15      Spells:  0 memorised,  7 levels left

Res.Fire  : . . .   See Invis. : .   b - +1 crossbow
Res.Cold  : . . .   Warding    : .   d - +0 leather armour
Life Prot.: . . .   Conserve   : .   (no shield)
Res.Poison: .       Res.Corr.  : .   (helmet restricted)
Res.Elec. : .       Clarity    : .   (no cloak)
Sust.Abil.: . .     Spirit.Shd : .   p - +0 pair of gauntlets
Res.Mut.  : .       Stasis     : .   (boots unavailable)
Res.Rott. : .       Flight     : .   (no amulet)
Saprovore : . . .                    (no ring)
                                     t - +6 ring of intelligence

@: drained, slightly resistant to hostile enchantments, unstealthy
A: able to fly, beak, talons 3
a: Fly, Renounce Religion


You were on level 5 of the Dungeon.
You worshipped Kikubaaqudgha.
Kikubaaqudgha was pleased with you.
You were not hungry.

You visited 2 branches of the dungeon, and saw 6 of its levels.

You collected 222 gold pieces.

Inventory:

Hand weapons
 a - a +0,+0 elven short sword
 b - a +1,+1 crossbow (weapon)
 r - a +2,+2 anti-magic dagger
Missiles
 c - 42 bolts (quivered)
 u - 4 needles of confusion
 w - 13 bolts of penetration
 C - 8 javelins
Armour
 d - a +0 leather armour (worn)
 p - a +0 pair of gauntlets (worn)
 y - a cursed +0 ring mail
Comestibles
 f - 3 bread rations
 m - 2 chunks of orc flesh
 o - a meat ration
 v - a beef jerky
Scrolls
 e - 2 scrolls of magic mapping
 j - 3 scrolls of identify {unknown}
 n - 3 scrolls of remove curse {unknown}
 q - a scroll of curse armour {unknown}
 s - 2 scrolls of teleportation {unknown}
 x - 2 scrolls of recharging {unknown}
 A - a scroll of random uselessness {unknown}
Jewellery
 t - a +6 ring of intelligence (left hand)
 z - an uncursed ring of ice {unknown}
Potions
 g - a potion of flight
 h - a potion of degeneration
 i - 2 potions of cure mutation
 k - a potion of brilliance
Books
 l - a book of Changes

   Spells                             Type                      Level
   Beastly Appendage                  Transmutation                1
   Sticks to Snakes                   Transmutation                2
   Spider Form                        Transmutation/Poison         3
   Ice Form                           Ice/Transmutation            4
   Blade Hands                        Transmutation                5


   Skills:
 - Level 1.0(0.2) Fighting
 * Level 9.2(8.2) Crossbows
 - Level 2.1(1.2) Dodging
 - Level 1.0(0.2) Stealth
 + Level 0.5(0.0) Spellcasting


You had 7 spell levels left.
You didn't know any spells.

Dungeon Overview and Level Annotations

Branches:
Dungeon (5/27)             Temple (1/1) D:5

Altars:
Ashenzari
Cheibriados
Elyvilon
Fedhas
Kikubaaqudgha
Makhleb
Nemelex Xobeh
Okawaru
Sif Muna
Trog
Vehumet
Xom
Yredelemnul
Zin
the Shining One


Innate Abilities, Weirdness & Mutations

You can fly.
You have a beak for a mouth.
You have claws for feet.


Message History

The goblin hits you but does no damage.
There is an open door here.
You see here a dagger.
You hit the goblin.
You kill the goblin!
Kikubaaqudgha accepts your kill.
The hobgoblin zaps a wand.
The bolt of negative energy misses you.
The hobgoblin zaps a wand.
The bolt of negative energy hits you!
You feel drained.
A worm comes into view.
You hit the hobgoblin. You claw the hobgoblin.
You peck the hobgoblin, but do no damage.
The hobgoblin is severely wounded.
The hobgoblin closely misses you.
b - a +1,+1 crossbow (weapon)
The hobgoblin zaps a wand.
The bolt of negative energy hits you!
You feel drained.
Ouch! That really hurt!
You die...
Kikubaaqudgha rasps: "You have failed me!
Welcome... death!"

......##.###
#........'.###..
#### #.#
#........### #.. #.#
######+### #.. #.#
### #.# ### #.# ...
#.## ###'##### #..#
###.........
####'####.)@g.....w.
#......##.#%........
#......#..#........
#......#.##........
#......#.##........
#......'.##.......
#......####......
##+##### #..... ###


You could see a worm and a hobgoblin.

Vanquished Creatures
  An ogre (D:5)
  2 scorpions
  2 crimson imps (D:5)
  A hound (D:4)
  An orc priest (D:5)
  A worker ant (D:4)
  Jessica (D:2)
  A worker ant zombie (D:3)
  3 gnolls (D:2)
  7 adders
  A worm (D:2)
  3 giant geckos
  An ooze (D:1)
  8 orcs
  A ball python (D:3)
  9 bats
  8 giant cockroaches
  12 goblins
  12 hobgoblins
  10 kobolds
  5 giant newts
  9 jackals
  A kobold zombie (D:4)
  4 quokkas
  6 rats
110 creatures vanquished.

Notes
Turn   | Place    | Note
--------------------------------------------------------------
     0 | D:1      | JacquesDerrida, the Tengu Hunter, began the quest for the Orb.
     0 | D:1      | Reached XP level 1. HP: 12/12 MP: 0/0
   310 | D:1      | Reached XP level 2. HP: 17/17 MP: 2/2
   455 | D:1      | Reached skill level 5 in Crossbows
   877 | D:1      | Reached XP level 3. HP: 21/21 MP: 3/3
  1232 | D:2      | Found a glowing golden altar of the Shining One.
  1257 | D:2      | Noticed Jessica
  1263 | D:2      | Killed Jessica
  1357 | D:2      | Reached skill level 6 in Crossbows
  1357 | D:2      | Reached XP level 4. HP: 24/26 MP: 4/4
  1777 | D:2      | Reached XP level 5. HP: 26/30 MP: 6/6
  1821 | D:2      | Reached skill level 7 in Crossbows
  2527 | D:3      | Found an iron altar of Okawaru.
  3140 | D:4      | Found a shattered altar of Ashenzari.
  3275 | D:4      | Reached XP level 6. HP: 28/35 MP: 7/7
  3304 | D:4      | Reached skill level 8 in Crossbows
  3908 | D:5      | Entered Level 5 of the Dungeon
  3946 | D:5      | Found a staircase to the Ecumenical Temple.
  3972 | Temple   | Entered the Ecumenical Temple
  4020 | Temple   | Became a worshipper of Kikubaaqudgha
  4060 | D:5      | Reached skill level 9 in Crossbows
  4060 | D:5      | Reached XP level 7. HP: 12/39 MP: 8/8
  4524 | D:5      | Killed from afar by a hobgoblin

Action                   |  1- 3 |  4- 6 |  7- 9 || total
-------------------------+-------+-------+-------++-------
Melee: Short sword       |    85 |   153 |     3 ||   241
 Fire: Crossbow          |     4 |    60 |     6 ||    70
  Use: Scroll            |       |     6 |       ||     6
       Potion            |       |     8 |       ||     8
 Stab: Sleeping          |       |     2 |       ||     2
